 Dungeon Crawl Stone Soup version 0.19-a0-1875-g4fea3da (webtiles) character file.

4762 Alarkh the Poker (level 10, -6/76 HPs)
             Began as a Mummy Summoner on Oct 13, 2016.
             Was an Elder of Okawaru.
             Mangled by a blink frog (16 damage)
             ... on level 1 of the Lair of Beasts.
             The game lasted 00:32:06 (14130 turns).

Alarkh the Poker (Mummy Summoner)                  Turns: 14130, Time: 00:32:07

Health: -6/76      AC:  4    Str: 12    XL:     10   Next: 23%
Magic:  4/19       EV: 14    Int: 18    God:    Okawaru [****..]
Gold:   460        SH:  0    Dex: 12    Spells: 6 memorised, 4 levels left

rFire  . . .     SeeInvis .     a - +0 trident
rCold  + . .     Gourm    .     p - +0 robe
rNeg   + + +     Faith    +     (no shield)
rPois  ∞         Spirit   .     (no helmet)
rElec  .         Dismiss  .     m - +1 cloak
rCorr  .         Reflect  .     v - -1 pair of gloves
MR     +....     Harm     .     (no boots)
Stlth  ++........               x - amulet of faith
                                B - ring of wizardry
                                l - ring of protection from fire

@: no status effects
A: no food or potions, fire vulnerability, cold resistance 1, negative energy
resistance 3, torment resistance, unbreathing
a: Heroism, Renounce Religion


You were on level 1 of the Lair of Beasts.
You worshipped Okawaru.
Okawaru was greatly pleased with you.
You were not hungry.

You visited 3 branches of the dungeon, and saw 10 of its levels.

You collected 460 gold pieces.

Inventory:

Hand Weapons
 a - a +0 trident (weapon)
 c - a +0 whip
 f - a +0 mace
 r - a +0 halberd
Armour
 i - +0 mottled dragon scales
 m - a +1 cloak (worn)
 p - a +0 robe (worn)
 v - a -1 pair of gloves (worn)
Magical Staves
 s - an uncursed staff of poison
 u - an uncursed staff of earth
Jewellery
 k - an uncursed ring of ice
 l - a ring of protection from fire (left hand)
 n - an uncursed ring of see invisible
 q - an uncursed ring of protection from cold
 x - an amulet of faith (around neck)
 B - a ring of wizardry (right hand)
Wands
 d - a wand of polymorph (15/24)
 h - a wand of lightning (7/15)
 o - a wand of digging (4/24)
Scrolls
 e - 5 scrolls of identify
 g - a scroll of recharging
 j - 4 scrolls of enchant armour
 t - a scroll of enchant weapon
 w - 3 scrolls of magic mapping
 y - a scroll of random uselessness
 z - a scroll of teleportation
 A - 2 scrolls of brand weapon {unknown}
 D - a scroll of remove curse
Books
 b - a book of Callings

   Spells                             Type                      Level
   a - Summon Small Mammal            Summoning                    1
   b - Call Imp                       Summoning                    2
   c - Call Canine Familiar           Summoning                    3
   d - Summon Guardian Golem          Hexes/Summoning              3
   e - Summon Lightning Spire         Summoning/Air                4
   f - Summon Ice Beast               Ice/Summoning                4
 C - a book of Maledictions

   Spells                             Type                      Level
   a - Corona                         Hexes                        1
   b - Ensorcelled Hibernation        Hexes/Ice                    2
   c - Confuse                        Hexes                        3
   d - Tukima's Dance                 Hexes                        3
   e - Dazzling Spray                 Conjuration/Hexes            3


   Skills:
 + Level 5.8 Fighting
 * Level 7.2 Polearms
 + Level 4.7 Dodging
 - Level 1.5 Stealth
 + Level 6.3 Spellcasting
 + Level 6.3 Summonings


You had 4 spell levels left.
You knew the following spells:

 Your Spells              Type           Power        Failure   Level  Hunger
a - Call Canine Familiar  Summ           ####....     1%          3    N/A
b - Summon Small Mammal   Summ           ####         1%          1    N/A
c - Call Imp              Summ           ####....     1%          2    N/A
d - Summon Guardian Gole  Hex/Summ       ###.....     4%          3    N/A
e - Summon Ice Beast      Ice/Summ       ###.....     14%         4    N/A
f - Summon Lightning Spi  Summ/Air       ###.....     14%         4    N/A

Dungeon Overview and Level Annotations

Branches:
Dungeon (8/15)             Temple (1/1) D:7            Lair (1/6) D:8

Altars:
Ashenzari
Cheibriados
Dithmenos
Elyvilon
Fedhas
Gozag
Kikubaaqudgha
Makhleb
Nemelex Xobeh
Okawaru
Qazlal
Ru
Sif Muna
Trog
Uskayaw
Vehumet
Xom
Yredelemnul
Zin
The Shining One

Shops:
D:5 }


Innate Abilities, Weirdness & Mutations

You do not eat or drink.
Your flesh is vulnerable to fire.
You are immune to poison.
Your flesh is cold resistant. (rC+)
You are immune to negative energy. (rN+++)
You are immune to unholy pain and torment.
You can survive without breathing.


Message History

The blink frog hits you but does no damage.
The blink frog hits you!
* * * LOW HITPOINT WARNING * * *
Your crimson imp closely misses the blink frog.
The blink frog closely misses you.
Your hound closely misses the blink frog.
The blink frog blinks!
The blink frog completely misses you. The blink frog hits you.
* * * LOW HITPOINT WARNING * * *
The blink frog blinks! x2
Your crimson imp misses the blink frog.
Attack whom?
Press: ? - help, Dir - move target cursor, f/p - blink frog
Aim: a blink frog (severely wounded)
You reach to attack!
You hit the blink frog but do no damage.
The blink frog is severely wounded.
Your crimson imp blinks!
The blink frog hits you!
You die...

##.......
##........
##.........
###..........
##......§.....
##..........###
###..........## #
##.........#### #
###@.hF....### #
#####..F.....##.#
#
##.#...5.....#####
#
##..........#...#
##
#.....§...####.##
#P #.5......## ###
#. ##.....###
####. ##...##
#.#.. #..## ##...


You could see 2 blink frogs, a friendly hound and 2 friendly crimson imps.

Vanquished Creatures
  2 spiny frogs (Lair:1)
  A two-headed ogre (D:8)
  A yak (Lair:1)
  2 ice beasts
  2 phantoms
  A centaur (D:6)
  2 crocodiles
  4 bullfrogs
  3 wights (D:6)
  A crimson imp (D:8)
  A hound (D:5)
  An orc priest (D:5)
  A centaur skeleton (D:5)
  An orc wizard (D:8)
  3 iguanas
  A hound zombie (D:6)
  3 gnolls
  A howler monkey skeleton (D:8)
  8 adders
  An ooze (D:3)
  An adder skeleton (D:6)
  A dart slug (D:1)
  4 leopard geckos
  12 orcs
  A giant cockroach (D:2)
  4 goblins
  3 hobgoblins
  3 jackals
  4 quokkas
  A ball python (D:7)
  4 bats
  3 frilled lizards
  4 kobolds
  7 rats
92 creatures vanquished.

Vanquished Creatures (collateral kills)
  A blink frog (Lair:1)
  A hippogriff (D:8)
  3 yaks (Lair:1)
  A wyvern (Lair:1)
  A mottled dragon (D:8)
  A water moccasin (Lair:1)
  An orc warrior (D:7)
  2 porcupines (Lair:1)
  An ice beast (D:7)
  A sky beast (D:7)
  A phantom (D:7)
  A black bear (D:4)
  5 ogres
  A centaur (D:5)
  3 crocodiles (D:8)
  A big kobold (D:8)
  6 bullfrogs
  A scorpion (D:6)
  11 killer bees
  2 wights (D:6)
  A centaur zombie (D:8)
  A crimson imp (D:5)
  A bullfrog zombie (D:6)
  2 bullfrog skeletons
  A jelly (D:6)
  A centaur skeleton (D:8)
  A hound (D:4)
  3 orc priests
  2 orc wizards
  A gnoll shaman (D:8)
  2 iguanas
  5 worker ants
  2 hound zombies
  A worker ant zombie (D:5)
  5 gnolls
  7 adders
  An ooze (D:3)
  2 adder zombies
  4 leopard geckos
  24 orcs
  A giant cockroach (D:3)
  2 hobgoblins
  2 jackals (D:5)
  3 kobolds
  A quokka (D:8)
  A goblin (D:1)
  2 leopard gecko skeletons
  A rat (D:3)
125 creatures vanquished.

Vanquished Creatures (others)
  A komodo dragon (D:8)
  2 yaks (Lair:1)
  An orc warrior (D:7)
  A crocodile (D:8)
  A killer bee (D:7)
6 creatures vanquished.

Grand Total: 223 creatures vanquished

Notes
Turn   | Place    | Note
-------+----------+-------------------------------------------
     0 | D:1      | Alarkh the Mummy Summoner began the quest for the Orb.
     0 | D:1      | Reached XP level 1. HP: 13/13 MP: 3/3
   582 | D:1      | Reached XP level 2. HP: 19/19 MP: 5/5
  1061 | D:2      | Found a hide-covered altar of Uskayaw.
  1088 | D:2      | Reached XP level 3. HP: 7/24 MP: 1/7
  1093 | D:2      | Learned a level 3 spell: Call Canine Familiar
  1096 | D:2      | Learned a level 2 spell: Call Imp
  1885 | D:3      | Reached XP level 4. HP: 29/30 MP: 4/8
  2623 | D:4      | Noticed a phantom
  2843 | D:3      | Learned a level 3 spell: Summon Guardian Golem
  2891 | D:4      | Reached skill level 1 in Polearms
  2938 | D:4      | Reached XP level 5. HP: 34/36 MP: 6/10
  3165 | D:4      | Killed a phantom
  3165 | D:4      | Reached skill level 1 in Fighting
  3361 | D:4      | Noticed a black bear
  3370 | D:4      | Killed a black bear
  3370 | D:4      | Reached skill level 2 in Polearms
  3370 | D:4      | Reached XP level 6. HP: 43/43 MP: 5/11
  3840 | D:5      | Entered Level 5 of the Dungeon
  4324 | D:5      | Found Moleidul's Gadget Boutique.
  4354 | D:5      | Reached skill level 3 in Polearms
  4379 | D:5      | Reached XP level 7. HP: 50/51 MP: 7/13
  4570 | D:5      | Found a stormy altar of Qazlal.
  6539 | D:4      | Reached skill level 4 in Polearms
  6780 | D:6      | Reached XP level 8. HP: 51/58 MP: 12/14
  7088 | D:6      | Reached skill level 5 in Summonings
  7332 | D:6      | Learned a level 4 spell: Summon Ice Beast
  7348 | D:6      | Found a snail-covered altar of Cheibriados.
  7738 | D:7      | Found a staircase to the Ecumenical Temple.
  7747 | Temple   | Entered the Ecumenical Temple
  7887 | Temple   | Became a worshipper of Warmaster Okawaru
  7906 | D:7      | Reached skill level 5 in Polearms
  7930 | D:7      | Found a white marble altar of Elyvilon.
  9445 | D:7      | Reached skill level 5 in Spellcasting
  9663 | D:7      | Learned a level 4 spell: Summon Lightning Spire
  9774 | D:7      | Reached * piety under Okawaru
 10115 | D:8      | Reached XP level 9. HP: 18/66 MP: 13/16
 11307 | D:8      | Reached ** piety under Okawaru
 11307 | D:8      | Reached skill level 6 in Polearms
 11345 | D:8      | Noticed a komodo dragon
 11358 | D:8      | Killed a komodo dragon
 11415 | D:8      | Reached skill level 5 in Fighting
 11912 | D:8      | Found a staircase to the Lair.
 12088 | D:8      | Reached *** piety under Okawaru
 12601 | Lair:1   | Entered Level 1 of the Lair of Beasts
 12737 | Lair:1   | Noticed a spiny frog
 12793 | Lair:1   | Killed a spiny frog
 13075 | Lair:1   | Noticed a spiny frog
 13141 | Lair:1   | Killed a spiny frog
 13141 | Lair:1   | Reached **** piety under Okawaru
 13141 | Lair:1   | Reached XP level 10. HP: 10/74 MP: 0/19
 13658 | Lair:1   | Reached skill level 7 in Polearms
 14130 | Lair:1   | Mangled by a blink frog

Vault maps used:
D:1:      dpeg_arrival_erosion
D:2:      lemuel_crystal_altar, first_bread, minmay_ruptured
D:3:      corexii_corridor_pit
D:4:      kennysheep_generic_room_3
D:5:      kennysheep_mini_moat, serial_shops, shop
D:6:      lemuel_crystal_altar, moated_statue
D:7:      marbit_many_paths, minmay_parallelograms
D:8:      erik_lair_dragon
Temple:   nicolae_temple_elliptical
Lair:1:   beast_lair_carwin_7, grunt_megastairs_4, infiniplex_staircase_pool

Skill      XL: |  1  2  3  4  5  6  7  8  9 10 |
---------------+-------------------------------+-----
Spellcasting   | 3 4 5 6 |  6.3
Summonings     | 4 5 6 |  6.3
Polearms       | 1 2 3 4 5 6 7 |  7.2
Fighting       | 1 2 3 4 5 |  5.8
Dodging        | 2 3 4 |  4.7
Stealth        | |  1.5

Action                   |  1- 3 |  4- 6 |  7- 9 | 10-12 || total
-------------------------+-------+-------+-------+-------++-------
Melee: Whip              |    39 |       |       |       ||    39
       Mace              |    45 |    21 |       |       ||    66
       Trident           |       |   149 |   475 |    46 ||   670
       Punch             |       |       |     1 |       ||     1
 Cast: Summon Small Mamm |    25 |       |       |       ||    25
       Call Canine Famil |     7 |    31 |    77 |    10 ||   125
       Call Imp          |     1 |     4 |    26 |     9 ||    40
       Summon Guardian G |       |     3 |    52 |     6 ||    61
       Summon Ice Beast  |       |       |       |     2 ||     2
Invok: Heroism           |       |       |     4 |       ||     4
Evoke: Wand              |       |       |     3 |     1 ||     4
  Use: Scroll            |     2 |     2 |    10 |       ||    14
 Stab: Sleeping          |     1 |     4 |     4 |       ||     9
       Distracted        |       |       |     8 |       ||     8
Armor: Robe              |    13 |    42 |    70 |     2 ||   127
Dodge: Dodged            |    66 |   103 |   306 |    30 ||   505
